 Dungeon Crawl Stone Soup version 0.31-a0-1496-g79c7dd0eeb (webtiles) character file.

Game seed: 6488319493811417161

93807 tilp the Carver (level 15, -19/118 HPs)
             Began as a Vampire Enchanter on Dec 29, 2023.
             Was the Champion of Wu Jian.
             Demolished by an enormous slime creature (63 damage)
             ... on level 14 of the Dungeon.
             The game lasted 00:54:35 (24968 turns).

tilp the Carver (Vampire Enchanter)                Turns: 24968, Time: 00:54:35

Health: -19/118    AC: 15    Str:  7    XL:     15   Next: 61%
Magic:  35/35      EV: 17    Int: 25    God:    Wu Jian [******]
Gold:   1541       SH:  4    Dex: 15    Spells: 13/29 levels left

rFire   . . .        b - +2 double sword (freeze)
rCold   . . .        R - +0 buckler
rNeg    . . .        K - +0 steam dragon scales
rPois   +            s - +2 hat {Stlth+}
rElec   .            x - +0 cloak {rPois}
rCorr   .            m - +2 pair of gloves
SInv    +            u - +1 pair of boots {Fly}
Will    +....        T - amulet of magic regeneration
Stlth   ++++++       M - +4 ring of slaying
HPRegen 0.59/turn    N - ring of magical power
MPRegen 0.64/turn

%: no passive effects
@: flying, healing quickly
A: alive, fangs 3, see invisible, vampiric 2
a: Exsanguinate, Renounce Religion, Wall Jump, Serpent's Lash, Heavenly Storm


You were on level 14 of the Dungeon.
You worshipped Wu Jian.
Wu Jian was exalted by your worship.
You visited 4 branches of the dungeon, and saw 22 of its levels.
You also visited: Volcano.

You collected 2949 gold pieces.
You spent 1408 gold pieces at shops.

Inventory:

Hand Weapons
 a - a +6 dagger of freezing
 b - a +2 double sword of freezing (weapon)
 S - a +1 dagger of flaming
Missiles
 p - 18 boomerangs
 t - 36 poisoned darts (quivered)
 v - a curare-tipped dart
 E - 20 javelins
Armour
 m - a +2 pair of gloves (worn)
 r - an orb of guile
 s - a +2 hat of stealth (worn)
 u - a +1 pair of boots of flying (worn)
 x - a +0 cloak of poison resistance (worn)
 K - +0 steam dragon scales (worn)
 R - a +0 buckler (worn)
Jewellery
 h - a ring of protection from fire
 k - a ring of protection from cold
 n - an amulet of regeneration
 y - a ring of positive energy
 C - a ring of resist corrosion
 M - a +4 ring of slaying (left hand)
 N - a ring of magical power (right hand)
 T - an amulet of magic regeneration (around neck)
Wands
 B - a wand of polymorph (3)
 F - a wand of acid (12)
 G - a wand of flame (56)
 L - a wand of paralysis (9)
 U - a wand of mindburst (36)
 X - a wand of iceblast (9)
Scrolls
 d - 9 scrolls of teleportation
 f - 8 scrolls of vulnerability
 g - 2 scrolls of blinking
 l - a scroll of revelation
 w - 6 scrolls of fog
 z - a scroll of butterflies
 A - a scroll of fear
 H - 5 scrolls of amnesia
 J - 6 scrolls of poison
 V - 6 scrolls of identify
Potions
 c - 7 potions of invisibility
 e - a potion of enlightenment
 i - 4 potions of lignification
 j - 3 potions of curing
 o - 6 potions of heal wounds
 q - 12 potions of haste
 I - 3 potions of attraction
 O - 12 potions of ambrosia
 P - 2 potions of mutation
 Y - a potion of brilliance
 Z - a potion of resistance
Miscellaneous
 D - a lightning rod (3/4)
 Q - a phantom mirror
 W - a tin of tremorstones (2/2)


   Skills:
 * Level 11.0 Fighting
 - Level 5.2(11.2) Short Blades
 + Level 14.0(14.3) Long Blades
 + Level 8.1 Armour
 + Level 10.7 Dodging
 + Level 13.1 Stealth
 + Level 2.0 Shields
 + Level 7.7 Spellcasting
 - Level 4.0 Conjurations
 + Level 13.0 Hexes
 - Level 2.0 Ice Magic
 + Level 2.8 Alchemy
 + Level 5.3 Evocations


You had 13 spell levels left.
You knew the following spells:

 Your Spells              Type           Power      Damage    Failure   Level
a - Ensorcelled Hibernat  Hex/Ice        94%        N/A       1%          2
b - Confusing Touch       Hex            65%        N/A       1%          3
c - Tukima's Dance        Hex            65%        N/A       1%          3
d - Dazzling Flash        Conj/Hex       100%       N/A       1%          3
e - Yara's Violent Unrav  Hex/Alch       24%        3d11      11%         5

Your spell library contained the following spells:

 Spells                   Type           Power      Damage    Failure   Level
 Inner Flame              Hex/Fire       42%        N/A       1%          3
 Sigil of Binding         Hex            65%        N/A       1%          3
 Shock                    Conj/Air       76%        1d7       4%          1
 Dimensional Bullseye     Hex/Tloc       21%        N/A       7%          4
 Mercury Vapours          Alch/Air       32%        N/A       9%          2
 Hailstorm                Conj/Ice       24%        3d7       9%          3
 Mephitic Cloud           Conj/Alch/Air  21%        N/A       12%         3
 Ozocubu's Armour         Ice            19%        N/A       13%         3
 Scorch                   Fire           18%        2d5       16%         2
 Summon Ice Beast         Ice/Summ       14%        N/A       21%         3
 Fugue of the Fallen      Necr           9%         N/A       30%         3
 Gell's Gravitas          Tloc           9%         N/A       30%         3
 Swiftness                Air            9%         N/A       30%         3
 Teleport Other           Tloc           9%         N/A       30%         3
 Olgreb's Toxic Radiance  Alch           24%        N/A       30%         4
 Flame Wave               Conj/Fire      19%        2d7       41%         4
 Iskenderun's Mystic Bla  Conj/Tloc      19%        2d6       41%         4
 Airstrike                Air            4%         2d(1-17)  69%         4
 Manifold Assault         Tloc           9%         N/A       69%         4
 Passage of Golubria      Tloc           9%         N/A       69%         4
 Freezing Cloud           Conj/Ice/Air   9%         6-21      77%         5
 Discord                  Hex            32%        N/A       97%         8
 Sculpt Simulacrum        Ice/Alch       10%        N/A       99%         6
 Bombard                  Conj/Erth      9%         9d2       100%        6
 Dispersal                Tloc           4%         N/A       100%        6
 Summon Cactus Giant      Summ           4%         N/A       100%        6
 Ozocubu's Refrigeration  Ice            9%         4d9       100%        7


Dungeon Overview and Level Annotations

Branches:
Dungeon (14/15)            Temple (1/1) D:7            Lair (5/5) D:11
  Swamp (0/4) Lair:2        Snake (0/4) Lair:3        Slime (0/5) Lair:4
    Orc (2/2) D:9             Elf (0/3) Orc:2        Vaults (0/5) D:14
Volcano (visited)

Altars:
Ashenzari
Cheibriados
Dithmenos
Fedhas
Gozag
Hepliaklqana
Kikubaaqudgha
Makhleb
Nemelex Xobeh
Okawaru
Qazlal
Ru
Sif Muna
Trog
Uskayaw
Vehumet
Wu Jian
Xom
Yredelemnul
Jiyva

Shops:
D:2 ?   D:9 [   Orc:1 (   Orc:2 :?[(

Annotations:
D:9 dig vault
Lair:1 1 runed translucent door, PanSaczeczos's ghost, journeyman DsWn


Innate Abilities, Weirdness & Mutations

Your natural rate of healing is accelerated.
You have razor-sharp teeth.
You have supernaturally acute eyesight. (SInv)
You are afflicted with vampirism and can become a bat while bloodless.


Message History

The very large slime creature closely misses you.
You slice the very large slime creature!!
You freeze the very large slime creature.
The very large slime creature is heavily wounded.
The very large slime creature misses you.
You slash the very large slime creature!
You freeze the very large slime creature.
You bite the very large slime creature.
The very large slime creature is heavily wounded.
The very large slime creature hits you!!
You hit the very large slime creature.
You freeze the very large slime creature.
The very large slime creature is heavily wounded.
The very large slime creature hits you!!
You slice the very large slime creature!!
You freeze the very large slime creature.
The very large slime creature is severely wounded.
The very large slime creature hits you!!
* * * LOW HITPOINT WARNING * * *
You slice the very large slime creature!!
You freeze the very large slime creature.
The very large slime creature is almost dead.
The very large slime creature closely misses you.
Two slime creatures merge to form an enormous slime creature.
You slash the enormous slime creature! You freeze the enormous slime creature!
The enormous slime creature is severely wounded.
Unknown command.
You slice the enormous slime creature!! You freeze the enormous slime creature!
The enormous slime creature is almost dead.
You hit the enormous slime creature. You freeze the enormous slime creature.
The enormous slime creature is almost dead.
Unknown command.
You barely miss the enormous slime creature.
The enormous slime creature is almost dead.
The enormous slime creature hits you but does no damage.
You hit the enormous slime creature. You freeze the enormous slime creature.
The enormous slime creature is almost dead.
The enormous slime creature hits you!!!
Ouch! That really hurt!
You die...

#..# #.#..J..# ##..
#... #.#.....# ###
#...###+#.....#
#.......(...###
#.....#..JJ...#
#.#.###.......########
#......#####...##...
##.######.#)..#...##...
#.....@J..#[_.'.8..#...
#########.#)..#........
#.#####...##...
##.....#####... #.....#
#... #.....# ####
####.## #.# #.#


You could see an enormous slime creature.

Vanquished Creatures
  Rupert (D:13)
  Frances (D:13)
  Kirke (D:12)
  Donald (Orc:2)
  The ghost of shadizar the Thaumaturge, a journeyman DjFE (D:10)
  An entropy weaver (shapeshifter) (D:13)
  2 hydras
  3 ogre magi (Orc:2)
  5 centaur warriors
  5 two-headed ogres
  3 boulder beetles
  5 catoblepae
  8 death yaks (Lair:5)
  A death knight (D:14)
  2 orc high priests
  A tengu warrior (D:13)
  3 skysharks
  Lodul (D:14)
  A deep troll (D:14)
  A swamp dragon (shapeshifter) (D:13)
  An arcanist (D:14)
  Pikel (D:4)
  2 lindwurms (Lair:2)
  A phantasmal warrior (D:14)
  2 ugly things
  7 orc sorcerers (Orc:2)
  2 oklob plants (D:11)
  2 cyclopes (D:13)
  Maurice (Orc:2)
  2 salamanders (Volcano)
  A meliai (shapeshifter) (D:14)
  16 elephants
  3 manticores
  A kobold blastminer (Orc:2)
  6 black mambas
  5 cane toads
  An unseen horror (D:13)
  A gargoyle (D:13)
  A freezing wraith (D:14)
  A kobold demonologist (D:11)
  6 rime drakes
  A tengu conjurer (D:13)
  An efreet (D:14)
  11 komodo dragons
  2 hornets (D:9)
  8 trolls
  A wolf spider simulacrum (D:14)
  3 polar bears
  A queen bee (Lair:1)
  Prince Ribbit (D:4)
  3 tarantellas (Lair:2)
  12 blink frogs
  Sigmund (D:3)
  21 slime creatures
  2 shadows
  82 yaks
  7 hogs
  2 wyverns (Lair:4)
  4 basilisks (Lair:5)
  2 fire bats (Volcano)
  Eustachio (D:4)
  3 wargs
  3 vampires
  4 steam dragons
  9 vampire mosquitoes
  Menkaure (D:5)
  2 acid dragons
  2 nagas (Lair:3)
  3 hell hounds
  9 water moccasins
  Duvessa (D:6)
  15 orc warriors
  A black bear (D:5)
  8 wolves
  22 ogres
  20 centaurs
  A lemure (D:4)
  2 kobold brigands
  10 bullfrogs
  3 scorpions
  4 wights
  Dowan (D:6)
  34 killer bees
  3 howler monkeys
  3 bombardier beetles
  2 lava snakes (Lair:2)
  5 hounds
  7 jellies
  20 orc priests
  Crazy Yiuf (D:4)
  Terence (D:3)
  4 iguanas
  30 orc wizards
  8 adders
  A shadow imp (D:5)
  A white imp (D:5)
  3 worms
  4 dart slugs
  58 orcs
  7 bats
  17 endoplasms
  2 giant cockroaches
  11 goblins
  5 hobgoblins
  6 jackals
  12 kobolds
  5 quokkas
  6 ball pythons
  2 frilled lizards (D:1)
  11 rats
669 creatures vanquished.

Vanquished Creatures (collateral kills)
  2 kobold blastminers (Orc:2)
  An orc warrior (D:7)
  2 wights (D:6)
  2 orc wizards (Orc:2)
7 creatures vanquished.

Vanquished Creatures (others)
  A slime creature (D:14)
  5 dancing weapons
  2 orc wizards
  A white imp (D:7)
9 creatures vanquished.

Grand Total: 685 creatures vanquished

Notes
Turn   | Place    | Note
-------+----------+-------------------------------------------
     0 | D:1      | tilp the Vampire Enchanter began the quest for the Orb.
     0 | D:1      | Reached XP level 1. HP: 13/13 MP: 3/3
   106 | D:1      | Reached XP level 2. HP: 16/20 MP: 5/5
   115 | D:1      | Learned a level 2 spell: Ensorcelled Hibernation
   369 | D:1      | Reached skill level 1 in Long Blades
   557 | D:1      | Gained mutation: You are afflicted with vampirism and can
                  | become a bat while bloodless. [Vampire growth]
   557 | D:1      | Reached XP level 3. HP: 17/25 MP: 6/6
   562 | D:1      | Learned a level 3 spell: Confusing Touch
   863 | D:2      | Reached skill level 1 in Fighting
  1336 | D:2      | Reached skill level 1 in Ice Magic
  1419 | D:2      | Reached XP level 4. HP: 32/32 MP: 7/7
  1568 | D:2      | Found Ywyuruix's Magic Scroll Shop.
  1573 | D:2      | Bought a scroll of identify for 22 gold pieces
  1573 | D:2      | Bought a scroll of identify for 22 gold pieces
  2009 | D:3      | Reached skill level 5 in Stealth
  2044 | D:3      | Reached XP level 5. HP: 34/37 MP: 0/8
  2047 | D:3      | Reached skill level 2 in Long Blades
  2053 | D:3      | Learned a level 3 spell: Tukima's Dance
  2167 | D:3      | Found a shimmering altar of Xom.
  2169 | D:3      | Found an opulent altar of Gozag.
  2313 | D:3      | Found a faded altar of an unknown god.
  2451 | D:3      | Noticed Sigmund
  2461 | D:3      | Killed Sigmund
  2462 | D:3      | Reached skill level 5 in Hexes
  2462 | D:3      | Reached XP level 6. HP: 22/44 MP: 3/9
  2840 | D:3      | Found a broken altar of Ashenzari.
  2840 | D:3      | Found a shimmering altar of Xom.
  2840 | D:3      | Found a bloodstained altar of Trog.
  2840 | D:3      | Found a sparkling altar of Nemelex Xobeh.
  2840 | D:3      | Found a shadowy altar of Dithmenos.
  2840 | D:3      | Found a bloodstained altar of Trog.
  3181 | D:3      | Noticed Terence
  3186 | D:3      | Killed Terence
  3204 | D:4      | Noticed Pikel
  3317 | D:4      | Reached skill level 3 in Long Blades
  3443 | D:4      | Reached XP level 7. HP: 51/51 MP: 3/11
  3503 | D:4      | Killed Pikel
  3504 | D:4      | Reached skill level 4 in Long Blades
  3504 | D:4      | Reached XP level 8. HP: 47/58 MP: 3/12
  3627 | D:4      | Found an ornate altar of the Wu Jian Council.
  3650 | D:4      | Became a worshipper of the Wu Jian Council
  3738 | D:4      | Noticed Eustachio
  3767 | D:4      | Killed Eustachio
  3816 | D:4      | Found a burning altar of Makhleb.
  3946 | D:4      | Found a runed translucent door.
  3947 | D:4      | Noticed Crazy Yiuf
  4062 | D:4      | Found an iron altar of Okawaru.
  4199 | D:4      | Killed Crazy Yiuf
  4337 | D:2      | Bought a scroll of brand weapon for 104 gold pieces
  4425 | D:5      | Entered Level 5 of the Dungeon
  4450 | D:5      | Noticed Prince Ribbit
  4470 | D:4      | Killed Prince Ribbit
  4913 | D:5      | Reached skill level 5 in Long Blades
  5036 | D:5      | Noticed Menkaure
  5043 | D:5      | Killed Menkaure
  5044 | D:5      | Reached XP level 9. HP: 36/66 MP: 10/14
  5152 | D:5      | Reached * piety under Wu Jian
  5396 | D:5      | Learned a level 3 spell: Dazzling Flash
  5774 | D:6      | Found a hide-covered altar of Uskayaw.
  5926 | D:6      | Noticed Dowan
  5927 | D:6      | Noticed Duvessa
  5967 | D:6      | Killed Duvessa
  6086 | D:6      | Reached skill level 5 in Fighting
  6400 | D:6      | Reached skill level 5 in Dodging
  6529 | D:6      | Killed Dowan
  7013 | D:7      | Reached skill level 5 in Short Blades
  7013 | D:7      | Reached skill level 6 in Long Blades
  7135 | D:7      | Found a staircase to the Ecumenical Temple.
  7407 | Temple   | Entered the Ecumenical Temple
  7535 | D:8      | Reached skill level 1 in Evocations
  7790 | D:7      | Reached skill level 1 in Conjurations
  8174 | D:8      | Reached ** piety under Wu Jian
  8344 | D:8      | Identified the +0 ring mail of the Old World {Rampage rF+
                  | Will-}
  8420 | D:9      | Found a staircase to the Orcish Mines.
  8422 | D:9      | Found Emenets's Armour Boutique.
  8504 | D:9      | Reached XP level 10. HP: 33/76 MP: 1/16
  8656 | D:9      | Bought a +0 helmet for 58 gold pieces
  8999 | D:9      | Found an ancient bone altar of Kikubaaqudgha.
  9078 | D:9      | Noticed a two-headed ogre
  9085 | D:9      | Killed a two-headed ogre
  9086 | D:9      | Reached skill level 1 in Armour
  9171 | D:9      | Reached skill level 7 in Long Blades
  9174 | D:9      | Reached skill level 5 in Spellcasting
  9702 | D:9      | Noticed a boulder beetle
  9714 | D:9      | Reached skill level 10 in Stealth
  9716 | D:9      | Reached *** piety under Wu Jian
  9717 | D:9      | Reached skill level 8 in Long Blades
  9821 | D:10     | Entered Level 10 of the Dungeon
  9833 | D:10     | Noticed a two-headed ogre
  9835 | D:10     | Killed a two-headed ogre
  9836 | D:10     | Reached XP level 11. HP: 81/81 MP: 18/18
  9869 | D:10     | Noticed a two-headed ogre
  9877 | D:10     | Killed a two-headed ogre
 10063 | D:10     | Found a runed translucent gate.
 10064 | D:10     | Found a runed translucent gate.
 10065 | D:10     | Found a runed translucent gate.
 10065 | D:10     | Noticed shadizar's ghost (journeyman DjFE)
 10618 | D:11     | Noticed a soul eater
 10838 | D:11     | Noticed an oklob plant
 10897 | D:11     | Found a staircase to the Lair.
 10908 | D:11     | Reached skill level 9 in Long Blades
 10977 | D:11     | Reached skill level 5 in Armour
 11001 | D:11     | Noticed an oklob plant
 11494 | D:11     | Killed an oklob plant
 11550 | D:11     | Killed an oklob plant
 11550 | D:11     | Reached **** piety under Wu Jian
 11591 | Lair:1   | Entered Level 1 of the Lair of Beasts
 11635 | Lair:1   | Noticed a catoblepas
 11642 | Lair:1   | Killed a catoblepas
 11699 | Lair:1   | Found a runed translucent door.
 11702 | Lair:1   | Noticed PanSaczeczos's ghost (journeyman DsWn)
 11767 | Lair:1   | Reached skill level 10 in Long Blades
 12048 | Lair:1   | Reached XP level 12. HP: 92/92 MP: 19/19
 12145 | Lair:1   | Reached ***** piety under Wu Jian
 12278 | Lair:1   | Identified the +3 spear of the Haunted God {antimagic, rF+}
 12392 | Lair:1   | Reached skill level 11 in Long Blades
 12758 | Lair:2   | Reached skill level 12 in Long Blades
 12860 | Lair:2   | Found a runed translucent door.
 13107 | Lair:2   | Found a staircase to the Swamp.
 13107 | Lair:2   | Noticed an alligator
 13381 | Lair:2   | Found a runed translucent gate.
 13381 | Lair:2   | Found a runed translucent gate.
 13381 | Lair:2   | Found a runed translucent gate.
 13381 | Lair:2   | Found a runed translucent gate.
 13381 | Lair:2   | Noticed a boulder beetle
 13382 | Lair:2   | Found a runed translucent gate.
 13383 | Lair:2   | Found a runed translucent gate.
 13383 | Lair:2   | Noticed a boulder beetle
 13394 | Lair:2   | Killed a boulder beetle
 13395 | Lair:2   | Reached skill level 13 in Long Blades
 13397 | Lair:2   | Killed a boulder beetle
 13880 | Lair:3   | Found a staircase to the Snake Pit.
 13971 | Lair:3   | Reached XP level 13. HP: 87/98 MP: 20/20
 14873 | Lair:4   | Found a viscous altar of Jiyva.
 15129 | D:2      | Bought a scroll of acquirement for 572 gold pieces
 15438 | Lair:4   | Found a staircase to the Slime Pits.
 15945 | Lair:5   | Entered Level 5 of the Lair of Beasts
 15957 | Lair:5   | Reached skill level 10 in Hexes
 15993 | Lair:5   | Identified the +1 leather armour of the Exiled Lovers
                  | {Slay+3 Stlth+}
 16501 | Lair:5   | Reached ****** piety under Wu Jian
 16515 | Lair:5   | Reached XP level 14. HP: 108/108 MP: 23/23
 17374 | Orc:1    | Entered Level 1 of the Orcish Mines
 17758 | Orc:1    | Found Ismogan's Weapon Emporium.
 17828 | Orc:2    | Entered Level 2 of the Orcish Mines
 17828 | Orc:2    | Noticed Maurice
 17830 | Orc:2    | Noticed Donald
 17839 | Orc:2    | Killed Donald
 17840 | Orc:2    | Reached skill level 10 in Fighting
 17841 | Orc:2    | Killed Maurice
 17902 | Orc:2    | Found a staircase to the Elven Halls.
 17922 | Orc:2    | Found a dark tunnel.
 17946 | Volcano  | Entered a volcano
 18955 | Orc:2    | Reached skill level 10 in Dodging
 19943 | Orc:2    | Found Gammilao's Antique Weapon Emporium.
 20014 | Orc:2    | Found a radiant altar of Vehumet.
 20131 | Orc:2    | Found Mitun's Antique Armour Shoppe.
 20164 | Orc:2    | Found an ancient bone altar of Kikubaaqudgha.
 20433 | Orc:2    | Found Lyz Leh's Magic Scroll Emporium.
 20446 | Orc:2    | Found Rownae's Book Emporium.
 20620 | Orc:2    | Bought a runed double sword for 630 gold pieces
 20754 | D:10     | Killed shadizar's ghost
 21472 | D:12     | Reached XP level 15. HP: 111/117 MP: 25/25
 21486 | D:12     | Learned a level 5 spell: Yara's Violent Unravelling
 22257 | D:13     | Got the Codex of Grey Beguiling
 22284 | D:13     | Identified the +2 robe of Sunlight {Dex+2}
 22393 | D:13     | Noticed Kirke
 22603 | D:13     | Reached skill level 1 in Alchemy
 22916 | D:13     | Noticed Rupert
 23081 | D:12     | Reached skill level 1 in Shields
 23101 | D:12     | Killed Kirke
 23288 | D:13     | Noticed Frances
 23356 | D:13     | Found a stormy altar of Qazlal.
 23421 | D:13     | Killed Frances
 23557 | D:13     | Killed Rupert
 23632 | D:14     | Noticed Lodul
 23828 | D:14     | Reached skill level 5 in Evocations
 23961 | D:14     | Found a gate to the Vaults.
 24190 | D:14     | Acquired the +3 helmet "Ebemuas" {Slay+3}
 24192 | D:14     | Acquired 705 gold pieces
 24261 | D:14     | Reached skill level 14 in Long Blades
 24283 | D:14     | Killed Lodul
 24968 | D:14     | Demolished by an enormous slime creature

Illustrated notes

Levels and vault maps discovered:
D:1:      elethiomel_arrival_quiet, layout_rooms
D:2:      layout_loops_ring, serial_shops, shop, minmay_misc_feat_alley
D:3:      cheibrodos_fertilizer, layout_basic,
          gammafunk_temple_overflow_forgotten,
          hellmonk_ecumenical_altar_inner_sanctum, uniq_terence, uniq_sigmund
D:4:      layout_rooms, kennysheep_okawaru_gauntlet,
          mainiacjoe_overflow_catwalk, mainiacjoe_overflow_small_starburst,
          amethyst_killhole, uniq_crazy_yiuf_cottage, uniq_eustachio, uniq_pikel
D:5:      layout_basic, uniq_menkaure, uniq_prince_ribbit1
D:6:      layout_loops_corners, mainiacjoe_overflow_tiny_flanked,
          grunt_decor_arrowhead, uniq_duvessa
D:7:      layout_rooms, minmay_temple_entry_trees
D:8:      layout_loops_cross
D:9:      layout_loops_ring, nicolae_overflow_crystal_walls, marbit_many_paths,
          orc_david_3, grunt_ministairs_8, wad_dig_loot
D:10:     layout_irregular_city, biasface_ghost_orc_armoury,
          minmay_misc_feat_more_columns
D:11:     layout_loops_ring, dpeg_oklobed_lair
D:12:     layout_layer_cave, minmay_misc_feat_cross
D:13:     layout_rooms, nicolae_qazlal_general_emergency, uniq_rupert,
          uniq_frances, uniq_kirke
D:14:     layout_basic, david_vaults_4, interstate_on_off,
          david_defended_altar_orc, uniq_lodul
Temple:   nicolae_temple_god_jail
Lair:1:   layout_roguey, special_room [special_room_bee],
          ebering_ghost_funeral_grove
Lair:2:   gammafunk_indiana_jones, layout_loops_ring,
          mainiacjoe_swamp_entry_lozenge_pond
Lair:3:   layout_cave_shapes, minmay_snake_entry_guardpost_small
Lair:4:   layout_hall_layers, nicolae_slime_entry_field_trip, grunt_megastairs_2
Lair:5:   evilmike_catoblepas_cave, layout_misc_corridors,
          kennysheep_basilisk_garden
Orc:1:    layout_diamond_mine, serial_shops, nicolae_square_shop
Orc:2:    kennysheep_orc_mage_school, layout_diamond_mine, enter_volcano_3,
          kennysheep_orc_chapel, uniq_maurice, uniq_donald

Skill      XL: |  1  2  3  4  5  6  7  8  9 10 11 12 13 14 15 |
---------------+----------------------------------------------+-----
Long Blades    | 1 2 3 4 5 6 8 10 13 14 | 14.0
Fighting       | 1 2 3 4 5 6 8 9 10 11 | 11.0
Ice Magic      | 1 2 |  2.0
Short Blades   | 2 3 4 5 |  5.2
Stealth        | 5 6 7 8 10 11 12 13 | 13.1
Dodging        | 3 4 5 6 7 8 9 10 | 10.7
Hexes          | 5 6 7 8 11 12 13 | 13.0
Spellcasting   | 3 4 5 6 7 |  7.7
Evocations     | 1 2 4 5 |  5.3
Conjurations   | 1 2 3 4 |  4.0
Armour         | 4 5 6 7 8 |  8.1
Alchemy        | 2 |  2.8
Shields        | 2 |  2.0

Action                     |  1- 3 |  4- 6 |  7- 9 | 10-12 | 13-15 || total
---------------------------+-------+-------+-------+-------+-------++-------
  Melee: Dagger            |   153 |   144 |   244 |   393 |   653 ||  1587
         Bite              |    14 |    12 |    25 |    39 |    94 ||   184
         Punch             |     1 |     3 |     3 |     3 |     3 ||    13
         Double sword      |       |       |       |       |    82 ||    82
         Unarmed           |       |       |       |       |     9 ||     9
  Throw: Stone             |     1 |       |       |       |       ||     1
         Dart              |       |       |       |       |     1 ||     1
   Cast: Ensorcelled Hiber |     7 |    26 |    56 |   198 |   297 ||   584
         Confusing Touch   |       |     1 |    14 |    13 |    21 ||    49
         Tukima's Dance    |       |       |    13 |     2 |     4 ||    19
         Dazzling Flash    |       |       |       |     4 |    39 ||    43
Ability: Lunge             |       |       |    30 |    25 |    77 ||   132
         Whirlwind         |       |       |     3 |    11 |    33 ||    47
  Evoke: Wand              |       |       |       |       |     5 ||     5
         Lightning rod     |       |       |       |       |     4 ||     4
    Use: Scroll            |     7 |     6 |     6 |     5 |    14 ||    38
   Stab: Sleeping          |     8 |    23 |    44 |   136 |   235 ||   446
         Confused          |       |     1 |     8 |    11 |    17 ||    37
         Distracted        |       |       |     1 |       |       ||     1
         Invisible         |       |       |       |     1 |    24 ||    25
         Petrified         |       |       |       |       |     1 ||     1
 Armour: Robe              |    71 |    39 |   108 |    13 |       ||   231
         Steam dragon scal |       |       |       |   189 |   409 ||   598
         Skin              |       |       |       |       |    11 ||    11
  Dodge: Dodged            |    93 |    83 |   181 |   221 |   549 ||  1127
  Block: Buckler           |       |       |       |       |    34 ||    34

Table legend: (Time is in decaauts)
 A = Elapsed time spent in this place.
 B = Non-inter-level travel time spent in this place.
 C = Inter-level travel time spent in this place.
 D = Time resting spent in this place.
 E = Time spent auto-exploring this place.
 F = Levels seen in this place.
 G = Mean time per level.
                   A        B        C        D        E       F      G
               +--------+--------+--------+--------+--------+-----+--------+
         Total |  24492 |  22457 |   2035 |   3166 |  14322 |  23 | 1064.9 |
       Dungeon |  16086 |  14662 |   1424 |   1626 |  10056 |  14 | 1149.0 |
        Temple |      1 |      1 |      0 |      0 |      0 |   1 |    1.0 |
          Lair |   5161 |   4832 |    329 |    274 |   3475 |   5 | 1032.2 |
  Orcish Mines |   2947 |   2666 |    281 |   1121 |    791 |   2 | 1473.5 |
       Volcano |    295 |    295 |      0 |    145 |      0 |   1 |  295.0 |
               +--------+--------+--------+--------+--------+-----+--------+

Top non-repeatable levels by time:
   Orc:2: 1884 daAuts
    D:12: 1866 daAuts
     D:9: 1435 daAuts
     D:3: 1376 daAuts
     D:4: 1295 daAuts
  Lair:2: 1272 daAuts
  Lair:5: 1218 daAuts
     D:5: 1215 daAuts
    D:14: 1110 daAuts
    D:11: 1082 daAuts
     D:2: 1071 daAuts
   Orc:1: 1063 daAuts
    D:13: 1052 daAuts
     D:6: 1034 daAuts
     D:7: 1008 daAuts
